% Time on Ice - NORTH DAKOTA HAWKS
Lines # - Real PCT - Wanted PCT - Time Play
Normal Forward
1 - 29% - 30% - 15:32
2 - 27% - 27% - 14:26
3 - 23% - 22% - 12:10
4 - 21% - 21% - 11:13
Normal Defense
1 - 35% - 36% - 18:45
2 - 33% - 33% - 17:36
3 - 22% - 20% - 11:38
4 - 10% - 11% - 5:22
PP Forward
1 - 45% - 65% - 1:46
2 - 55% - 35% - 2:12
PP Defense
1 - 61% - 65% - 2:26
2 - 39% - 35% - 1:32
PK Forward
1 - 58% - 55% - 1:33
2 - 42% - 45% - 1:08
PK Defense
1 - 48% - 55% - 1:18
2 - 52% - 45% - 1:23
PK3 Forward
1 - 0% - 55%
2 - 0% - 45%
PK3 Defense
1 - 0% - 55%
2 - 0% - 45%
44 Forward
1 - 0% - 55%
2 - 0% - 45%
44 Defense
1 - 0% - 55%
2 - 0% - 45%
Last Minute Offensive  - 0:00
Last Minute Defensive  - 0:00
Total
Forward - 60:00
Defense - 60:00
% Time on Ice - KELOWNA ROCKETS
Lines # - Real PCT - Wanted PCT - Time Play
Normal Forward
1 - 34% - 35% - 17:55
2 - 33% - 35% - 17:24
3 - 24% - 23% - 12:47
4 - 10% - 7% - 5:15
Normal Defense
1 - 35% - 34% - 18:42
2 - 33% - 34% - 17:47
3 - 24% - 20% - 12:34
4 - 8% - 12% - 4:18
PP Forward
1 - 70% - 75% - 1:53
2 - 30% - 25% - 0:48
PP Defense
1 - 44% - 75% - 1:11
2 - 56% - 25% - 1:30
PK Forward
1 - 82% - 55% - 3:14
2 - 18% - 45% - 0:44
PK Defense
1 - 50% - 55% - 1:58
2 - 50% - 45% - 2:00
PK3 Forward
1 - 0% - 55%
2 - 0% - 45%
PK3 Defense
1 - 0% - 55%
2 - 0% - 45%
44 Forward
1 - 0% - 50%
2 - 0% - 50%
44 Defense
1 - 0% - 50%
2 - 0% - 50%
Last Minute Offensive  - 0:00
Last Minute Defensive  - 0:00
Total
Forward - 60:00
Defense - 60:00
Play-by-Play 1st period 0:01 of 1st period - Evgeny Kuznetsov wins face-off versus Derek Grant in neutral zone. 0:06 of 1st period - Shot by Vladimir Tarasenko. 0:06 of 1st period - Shot Misses the Net. 0:08 of 1st period - Shot by Vladimir Tarasenko. 0:08 of 1st period - Deflect By Alexander Ovechkin. 0:08 of 1st period - The goal is going for a video replay. 0:08 of 1st period - The goal is refused. 0:09 of 1st period - Anthony Cirelli wins face-off versus Logan Brown in NORTH DAKOTA HAWKS zone. 0:09 of 1st period - Anthony Cirelli is hit by Brenden Dillon. 0:36 of 1st period - Tyler Bertuzzi is hit by Brenden Dillon and loses puck. 1:07 of 1st period - Shot by Jordan Eberle. 1:07 of 1st period - Stopped by Scott Darling with a rebound. 2:04 of 1st period - Icing by Marc Staal. 2:05 of 1st period - Evgeny Kuznetsov wins face-off versus Nic Dowd in NORTH DAKOTA HAWKS zone. 2:08 of 1st period - Shot by Vladimir Tarasenko. 2:08 of 1st period - Shot Misses the Net. 2:38 of 1st period - Shot by Brendan Gallagher. 2:38 of 1st period - Stopped by Tuukka Rask without a rebound. 2:39 of 1st period - Colby Cave wins face-off versus Michael Raffl in KELOWNA ROCKETS zone. 2:39 of 1st period - Colby Cave is hit by Zack Kassian. 2:53 of 1st period - Shot by Michael Raffl. 2:53 of 1st period - Shot Misses the Net. 3:20 of 1st period - Icing by Chris Tanev. 3:21 of 1st period - Colby Cave wins face-off versus Derek Grant in KELOWNA ROCKETS zone. 3:44 of 1st period - Shot by Kenny Agostino. 3:44 of 1st period - Shot Misses the Net. 3:46 of 1st period - Shot by Brendan Gallagher. 3:46 of 1st period - Shot Blocked by Drew Doughty. 3:48 of 1st period - Shot by Brenden Dillon. 3:48 of 1st period - Stopped by Tuukka Rask with a rebound. 3:50 of 1st period - Shot by Johnny Boychuk. 3:50 of 1st period - Shot Blocked by Drew Doughty. 3:52 of 1st period - Shot by Brendan Gallagher. 3:52 of 1st period - Stopped by Tuukka Rask with a rebound. 3:55 of 1st period - Derek Grant is hit by Marcus Pettersson. 4:01 of 1st period - Shot by Brendan Gallagher. 4:01 of 1st period - Deflect By Derek Grant. 4:01 of 1st period - Stopped by Tuukka Rask without a rebound. 4:02 of 1st period - Anthony Cirelli wins face-off versus Logan Brown in KELOWNA ROCKETS zone. 4:12 of 1st period - Off-side. 4:13 of 1st period - Anthony Cirelli wins face-off versus Phil Varone in neutral zone. 4:30 of 1st period - Shot by Anthony Cirelli. 4:30 of 1st period - Shot Blocked by Dougie Hamilton. 4:32 of 1st period - Shot by Anthony Cirelli. 4:32 of 1st period - Shot Misses the Net. 4:36 of 1st period - Shot by Tyler Bertuzzi. 4:36 of 1st period - Deflect By Anthony Cirelli. 4:36 of 1st period - Stopped by Scott Darling without a rebound. 4:37 of 1st period - Logan Brown wins face-off versus Evgeny Kuznetsov in NORTH DAKOTA HAWKS zone. 4:37 of 1st period - Logan Brown is hit by Alexander Ovechkin. 4:57 of 1st period - Shot by Alexander Ovechkin. 4:57 of 1st period - Stopped by Scott Darling without a rebound. 4:58 of 1st period - Anthony Cirelli wins face-off versus Derek Grant in NORTH DAKOTA HAWKS zone. 5:02 of 1st period - Anthony Cirelli is hit by Dougie Hamilton and loses puck. 5:24 of 1st period - Shot by Anthony Cirelli. 5:24 of 1st period - Stopped by Scott Darling with a rebound. 5:26 of 1st period - Shot by Chris Tanev. 5:26 of 1st period - Stopped by Scott Darling without a rebound. 5:27 of 1st period - Evgeny Kuznetsov wins face-off versus Nic Dowd in NORTH DAKOTA HAWKS zone. 5:58 of 1st period - Drew Doughty is hit by Nic Dowd and loses puck. 6:28 of 1st period - Icing by Johnny Boychuk. 6:29 of 1st period - Phil Varone wins face-off versus Nick Bjugstad in NORTH DAKOTA HAWKS zone. 6:29 of 1st period - Phil Varone is hit by Pavel Buchnevich. 6:48 of 1st period - Michael Raffl is hit by Nikita Zadorov and loses puck. 6:59 of 1st period - Shot by Phil Varone. 6:59 of 1st period - Stopped by Tuukka Rask without a rebound. 7:00 of 1st period - Anthony Cirelli wins face-off versus Derek Grant in KELOWNA ROCKETS zone. 7:00 of 1st period - Anthony Cirelli is hit by Kenny Agostino. 8:09 of 1st period - Shot by Vladimir Tarasenko. 8:09 of 1st period - Shot Misses the Net. 8:35 of 1st period - Icing by Vladimir Tarasenko. 8:36 of 1st period - Evgeny Kuznetsov wins face-off versus Phil Varone in KELOWNA ROCKETS zone. 9:09 of 1st period - Shot by Pavel Buchnevich. 9:09 of 1st period - Stopped by Scott Darling with a rebound. 9:11 of 1st period - Shot by Pavel Buchnevich. 9:11 of 1st period - Stopped by Scott Darling with a rebound. 9:13 of 1st period - Shot by Jordan Eberle. 9:13 of 1st period - Shot Blocked by Brenden Dillon. 9:29 of 1st period - Shot by Nick Bjugstad. 9:29 of 1st period - Stopped by Scott Darling with a rebound. 9:31 of 1st period - Shot by Drew Doughty. 9:31 of 1st period - Shot Blocked by Johnny Boychuk. 9:38 of 1st period - Icing by Johnny Boychuk. 9:39 of 1st period - Phil Varone wins face-off versus Anthony Cirelli in NORTH DAKOTA HAWKS zone. 9:39 of 1st period - Phil Varone is hit by Anthony Cirelli. 10:06 of 1st period - Shot by Anthony Cirelli. 10:06 of 1st period - Deflect By James van Riemsdyk. 10:06 of 1st period - Shot Misses the Net. 10:08 of 1st period - Shot by Tyler Bertuzzi. 10:08 of 1st period - Stopped by Scott Darling without a rebound. 10:09 of 1st period - Evgeny Kuznetsov wins face-off versus Logan Brown in NORTH DAKOTA HAWKS zone. 10:43 of 1st period - Shot by Vladimir Tarasenko. 10:43 of 1st period - Stopped by Scott Darling with a rebound. 11:11 of 1st period - Shot by Brendan Gallagher. 11:11 of 1st period - Stopped by Tuukka Rask without a rebound. 11:12 of 1st period - Nick Bjugstad wins face-off versus Nic Dowd in KELOWNA ROCKETS zone. 11:12 of 1st period - Nick Bjugstad is hit by Nic Dowd. 11:17 of 1st period - Pavel Buchnevich is hit by Marc Staal and loses puck. 12:23 of 1st period - Shot by Anthony Cirelli. 12:23 of 1st period - Stopped by Scott Darling with a rebound. 14:00 of 1st period - Marc Staal is hit by Colby Cave and loses puck. 15:07 of 1st period - Shot by Nick Bjugstad. 15:07 of 1st period - Stopped by Scott Darling without a rebound. 15:08 of 1st period - Derek Grant wins face-off versus Anthony Cirelli in NORTH DAKOTA HAWKS zone. 15:39 of 1st period - Shot by Brendan Gallagher. 15:39 of 1st period - Stopped by Tuukka Rask with a rebound. 15:41 of 1st period - Shot by Derek Grant. 15:41 of 1st period - Stopped by Tuukka Rask without a rebound. 15:42 of 1st period - Evgeny Kuznetsov wins face-off versus Logan Brown in KELOWNA ROCKETS zone. 15:50 of 1st period - Shot by Alexander Ovechkin. 15:50 of 1st period - Shot Blocked by Brenden Dillon. 15:52 of 1st period - Shot by Vladimir Tarasenko. 15:52 of 1st period - Goal by Vladimir Tarasenko - NORTH DAKOTA HAWKS : 0 - KELOWNA ROCKETS : 1. 15:53 of 1st period - Nick Bjugstad wins face-off versus Nic Dowd in neutral zone. 15:53 of 1st period - Jordan Eberle is hit by Nic Dowd and loses puck. 18:02 of 1st period - Icing by Josh Brown. 18:03 of 1st period - Derek Grant wins face-off versus Colby Cave in NORTH DAKOTA HAWKS zone. 18:22 of 1st period - Dougie Hamilton is hit by Colby Cave and loses puck. 18:45 of 1st period - Icing by Colby Cave. 18:46 of 1st period - Colby Cave wins face-off versus Nic Dowd in KELOWNA ROCKETS zone. 19:01 of 1st period - Shot by Nic Dowd. 19:01 of 1st period - Goal by Nic Dowd - NORTH DAKOTA HAWKS : 1 - KELOWNA ROCKETS : 1. 19:02 of 1st period - Anthony Cirelli wins face-off versus Phil Varone in neutral zone. 19:12 of 1st period - Shot by Tyler Bertuzzi. 19:12 of 1st period - Deflect By James van Riemsdyk. 19:12 of 1st period - Shot Misses the Net. 19:19 of 1st period - Minor Penalty to Anthony Cirelli for Holding Stick. 19:20 of 1st period - Colby Cave wins face-off versus Logan Brown in KELOWNA ROCKETS zone. 19:25 of 1st period - Shot by Corey Perry. 19:25 of 1st period - Shot Blocked by Dmitri Orlov. 19:52 of 1st period - Shot by Dougie Hamilton. 19:52 of 1st period - Shot Misses the Net. 19:54 of 1st period - Shot by Zack Kassian. 19:54 of 1st period - Shot Misses the Net. 19:56 of 1st period - Shot by Zack Kassian. 19:56 of 1st period - Stopped by Tuukka Rask with a rebound. 19:58 of 1st period - Shot by Brendan Leipsic. 19:58 of 1st period - Stopped by Tuukka Rask with a rebound. Goals for this period are 1 for NORTH DAKOTA HAWKS vs 1 for KELOWNA ROCKETS. Shots for this period are 11 for NORTH DAKOTA HAWKS vs 14 for KELOWNA ROCKETS. 2nd period 0:01 of 2nd period - Nic Dowd wins face-off versus Joakim Nordstrom in neutral zone. 0:12 of 2nd period - Shot by Brendan Gallagher. 0:12 of 2nd period - Shot Misses the Net. 0:58 of 2nd period - Shot by Corey Perry. 0:58 of 2nd period - Shot Misses the Net. 1:00 of 2nd period - Shot by Brenden Dillon. 1:00 of 2nd period - Stopped by Tuukka Rask without a rebound. 1:01 of 2nd period - Colby Cave wins face-off versus Logan Brown in KELOWNA ROCKETS zone. 1:23 of 2nd period - Michael Raffl is hit by Marcus Pettersson and loses puck. 1:44 of 2nd period - Shot by Tyler Bertuzzi. 1:44 of 2nd period - Shot Hit the Post. 1:50 of 2nd period - Shot by Anthony Cirelli. 1:50 of 2nd period - Stopped by Scott Darling without a rebound. 1:51 of 2nd period - Derek Grant wins face-off versus Evgeny Kuznetsov in NORTH DAKOTA HAWKS zone. 2:07 of 2nd period - Brendan Gallagher is hit by Nikita Zadorov and loses puck. 2:18 of 2nd period - Shot by Brendan Gallagher. 2:18 of 2nd period - Stopped by Tuukka Rask without a rebound. 2:19 of 2nd period - Anthony Cirelli wins face-off versus Logan Brown in KELOWNA ROCKETS zone. 2:19 of 2nd period - Anthony Cirelli is hit by Logan Brown. 2:32 of 2nd period - Brendan Leipsic is hit by Tyler Bertuzzi and loses puck. 3:38 of 2nd period - Shot by Evgeny Kuznetsov. 3:38 of 2nd period - Stopped by Scott Darling without a rebound. 3:39 of 2nd period - Nick Bjugstad wins face-off versus Ryan Carpenter in NORTH DAKOTA HAWKS zone. 3:39 of 2nd period - Nick Bjugstad is hit by Josh Brown. 4:36 of 2nd period - Shot by Brendan Gallagher. 4:36 of 2nd period - Shot Misses the Net. 4:43 of 2nd period - Nick Bjugstad is hit by Dougie Hamilton and loses puck. 5:51 of 2nd period - Shot by Evgeny Kuznetsov. 5:51 of 2nd period - Shot Misses the Net. 6:25 of 2nd period - Shot by James van Riemsdyk. 6:25 of 2nd period - Shot Misses the Net. 6:27 of 2nd period - Shot by Anthony Cirelli. 6:27 of 2nd period - Stopped by Scott Darling without a rebound. 6:28 of 2nd period - Anthony Cirelli wins face-off versus Logan Brown in NORTH DAKOTA HAWKS zone. 6:33 of 2nd period - Shot by James van Riemsdyk. 6:33 of 2nd period - Shot Misses the Net. 6:35 of 2nd period - Shot by Anthony Cirelli. 6:35 of 2nd period - Shot Misses the Net. 6:39 of 2nd period - Shot by James van Riemsdyk. 6:39 of 2nd period - Shot Misses the Net. 6:41 of 2nd period - Shot by Dmitri Orlov. 6:41 of 2nd period - Shot Blocked by Brendan Leipsic. 7:35 of 2nd period - Shot by Brendan Gallagher. 7:35 of 2nd period - Stopped by Tuukka Rask without a rebound. 7:36 of 2nd period - Nic Dowd wins face-off versus Evgeny Kuznetsov in KELOWNA ROCKETS zone. 8:03 of 2nd period - Shot by Evgeny Kuznetsov. 8:03 of 2nd period - Shot Blocked by Marc Staal. 8:13 of 2nd period - Shot by Vladimir Tarasenko. 8:13 of 2nd period - Stopped by Scott Darling without a rebound. 8:14 of 2nd period - Derek Grant wins face-off versus Colby Cave in NORTH DAKOTA HAWKS zone. 8:14 of 2nd period - Derek Grant is hit by Matthew Peca. 9:13 of 2nd period - Jordan Eberle is hit by Logan Brown and loses puck. 9:23 of 2nd period - Pavel Buchnevich is hit by Brenden Dillon and loses puck. 9:47 of 2nd period - Shot by Brendan Leipsic. 9:47 of 2nd period - Goal by Brendan Leipsic - NORTH DAKOTA HAWKS : 2 - KELOWNA ROCKETS : 1. 9:48 of 2nd period - Nic Dowd wins face-off versus Evgeny Kuznetsov in neutral zone. 10:01 of 2nd period - Shot by Nic Dowd. 10:01 of 2nd period - Shot Misses the Net. 10:05 of 2nd period - Shot by Matthew Nieto. 10:05 of 2nd period - Deflect By Ryan Carpenter. 10:05 of 2nd period - Shot Misses the Net. 10:07 of 2nd period - Shot by Nic Dowd. 10:07 of 2nd period - Shot Misses the Net. 10:09 of 2nd period - Shot by Nic Dowd. 10:09 of 2nd period - Shot Blocked by Marcus Pettersson. 10:11 of 2nd period - Shot by Matthew Nieto. 10:11 of 2nd period - Stopped by Tuukka Rask without a rebound. 10:12 of 2nd period - Phil Varone wins face-off versus James van Riemsdyk in KELOWNA ROCKETS zone. 10:14 of 2nd period - Minor Penalty to Zack Kassian for Interference. 10:15 of 2nd period - Ryan Carpenter wins face-off versus Evgeny Kuznetsov in NORTH DAKOTA HAWKS zone. 10:52 of 2nd period - Shot by Evgeny Kuznetsov. 10:52 of 2nd period - Shot Hit the Post. 10:56 of 2nd period - Shot by Evgeny Kuznetsov. 10:56 of 2nd period - Goal by Evgeny Kuznetsov - NORTH DAKOTA HAWKS : 2 -